 Dungeon Crawl Stone Soup version 0.19.4-8-ga85b6b9 (webtiles) character file.

212 Jerry the Chopper (level 5, -4/48 HPs)
             Began as a Hill Orc Fighter on Feb 11, 2017.
             Slain by Jerry's ghost (12 damage)
             ... on level 3 of the Dungeon.
             The game lasted 00:05:31 (2481 turns).

Jerry the Chopper (Hill Orc Fighter)                Turns: 2481, Time: 00:05:32

Health: -4/48      AC:  7    Str: 19    XL:     5   Next: 90%
Magic:  5/5        EV: 14    Int:  9    God:
Gold:   108        SH:  0    Dex: 10    Spells: 0 memorised, 4 levels left

rFire  . . .     SeeInvis .     d - +2 hand axe (elec)
rCold  . . .     Gourm    .     b - +0 scale mail
rNeg   . . .     Faith    .     (no shield)
rPois  .         Spirit   .     (no helmet)
rElec  .         Reflect  .     (no cloak)
rCorr  .         Harm     .     (no gloves)
MR     .....                    (no boots)
Stlth  ..........               x - amulet of regeneration
                                v - ring of flight
                                l - +5 ring of evasion

@: no status effects
A: no striking features
a: Evoke Flight


You were on level 3 of the Dungeon.
You were not hungry.

You visited 1 branch of the dungeon, and saw 3 of its levels.

You collected 108 gold pieces.

Inventory:

Hand Weapons
 a - a +0 war axe
 d - a +2 hand axe of electrocution (weapon)
Armour
 b - a +0 scale mail (worn)
 c - a +0 shield
 A - a +0 plate armour
Jewellery
 l - a +5 ring of evasion (left hand)
 v - a ring of flight (right hand)
 x - an amulet of regeneration (around neck)
Wands
 z - a wand of flame (24/48)
Scrolls
 h - a scroll of enchant weapon {unknown}
 i - 2 scrolls of recharging {unknown}
 k - 3 scrolls of identify
 m - a scroll of enchant armour {unknown}
 p - a scroll of fog
 q - 2 scrolls of blinking {unknown}
 r - a scroll of magic mapping {unknown}
 t - 6 scrolls of teleportation {unknown}
 u - 3 scrolls of immolation {unknown}
 y - a scroll of remove curse {unknown}
Potions
 e - a potion of haste {unknown}
 j - a potion of agility {unknown}
 n - a potion of flight {unknown}
 o - a potion of curing {unknown}
 w - a potion of magic {unknown}
Comestibles
 f - 3 bread rations
 g - 6 chunks of flesh
 s - 2 meat rations


   Skills:
 + Level 5.0 Fighting
 * Level 5.8 Axes
 + Level 4.4 Armour
 - Level 3.2 Shields


You had 4 spell levels left.
You didn't know any spells.

Dungeon Overview and Level Annotations

Branches:
Dungeon (3/15)

Altars:
Dithmenos
Ru

Annotations:
D:3 Jerry's ghost, amateur HOGl


Message History

Jerry's ghost is severely damaged.
Jerry's ghost closely misses you.
You hit Jerry's ghost but do no damage.
Jerry's ghost is severely damaged.
Jerry's ghost hits you!
You hit Jerry's ghost but do no damage.
Jerry's ghost is severely damaged.
Jerry's ghost hits you!
* * * LOW HITPOINT WARNING * * *
You are too injured to fight recklessly!
You are too injured to fight recklessly!
You are too injured to fight recklessly!
You hit Jerry's ghost but do no damage.
There is a sudden explosion of sparks!
Jerry's ghost is almost destroyed.
Jerry's ghost hits you.
* * * LOW HITPOINT WARNING * * *
You barely miss Jerry's ghost.
Jerry's ghost is almost destroyed.
Jerry's ghost hits you!
You die...

#.#........ ......W...
........... #.#.......
÷........## #../..)...
÷.........####.........
)...........##..#
..#.........##..#
...#........#...##
##..........#.#†W#
###...........##@#########
# ###....................#
# ##........#..........# #
#......####.........# #
##......# #.###.#####
####..§.....# #.##..#
..#.#§#####.# #.##.##
<.÷#§§§# #..# #....
#.#§#.#§# ...# ##.##


You could see Jerry's ghost.

Vanquished Creatures
  Terence (D:3)
  3 gnolls (D:3)
  6 adders
  2 oozes (D:3)
  2 worms
  4 dart slugs
  A leopard gecko (D:3)
  An orc (D:2)
  3 giant cockroaches
  9 goblins
  8 hobgoblins
  9 jackals
  9 kobolds
  3 quokkas
  A ball python (D:2)
  9 bats
  4 frilled lizards
  4 rats
79 creatures vanquished.

Notes
Turn   | Place    | Note
-------+----------+-------------------------------------------
     0 | D:1      | Jerry the Hill Orc Fighter began the quest for the Orb.
     0 | D:1      | Reached XP level 1. HP: 19/19 MP: 1/1
   224 | D:1      | Reached XP level 2. HP: 26/27 MP: 2/2
   767 | D:2      | Reached XP level 3. HP: 28/33 MP: 3/3
  1084 | D:2      | Reached XP level 4. HP: 40/40 MP: 4/4
  1835 | D:3      | Reached skill level 5 in Axes
  1848 | D:3      | Found a shadowy altar of Dithmenos.
  1883 | D:3      | Reached XP level 5. HP: 47/47 MP: 5/5
  1895 | D:3      | Noticed Jerry's ghost (amateur HOGl)
  2099 | D:3      | Noticed Terence
  2249 | D:3      | Found a faded altar of an unknown god.
  2249 | D:3      | Found a faded altar of an unknown god.
  2256 | D:3      | Found a faded altar of an unknown god.
  2258 | D:3      | Found a sacrificial altar of Ru.
  2259 | D:3      | Found a faded altar of an unknown god.
  2343 | D:3      | Killed Terence
  2476 | D:3      | Reached skill level 5 in Fighting
  2481 | D:3      | Slain by Jerry's ghost

Skill      XL: |  1  2  3  4  5 |
---------------+----------------+-----
Axes           | 3 4 5 |  5.8
Fighting       | 4 5 |  5.0
Armour         | 4 |  4.4
Shields        | |  3.2

Action                   |  1- 3 |  4- 6 || total
-------------------------+-------+-------++-------
Melee: War axe           |     8 |       ||     8
       Hand axe          |    54 |   133 ||   187
  Use: Scroll            |       |     4 ||     4
       Potion            |       |     1 ||     1
  Eat: Chunk             |     1 |     4 ||     5
Armor: Scale mail        |    33 |    35 ||    68
Dodge: Dodged            |    39 |    83 ||   122
